Map: Ulrena

Players

Soundwave

  • Race: Terran Terran

A.I. 1 (Elite) - Winner!

  • Race: Terran Terran

VOD

Have the link to the VOD?

Description

Time

  • Played on: Nov. 17, 2015, 6:08 a.m.
  • Length: 13:53
Show
View Real Time Build Order
Export as new Build Order

Soundwave Terran 

Build Orders: Bio Hellbat 

Get SALT Encoding   

  12  0:01  SCV  
  13  0:13  SCV  
  14  0:25  SCV  
  14  0:27  Supply Depot  
  15  0:51  Barracks  
  15  1:08  Command Center  
  15  1:11  SCV  
  16  1:18  Refinery  
  16  1:23  SCV  
  17  1:36  SCV  
  18  1:52  Barracks  
  18  1:54  Marine  
  19  2:01  Orbital Command  
  19  2:08  Supply Depot  
  19  2:21  SCV  
  19  2:22  Marine  
  21  2:27  SCV, Refinery  
  22  2:43  Orbital Command  
  22  2:54  Barracks Reactor  
  22  2:55  Barracks Tech Lab  
  22  2:58  SCV  
  23  3:08  SCV  
  23  3:10  SCV  
  25  3:18  Supply Depot, Combat Shields  
  25  3:20  Marine  
  25  3:23  SCV  
  25  3:24  SCV  
  28  3:35  Factory  
  28  3:36  Engineering Bay  
  28  3:40  SCV  
  29  3:42  Marine  
  29  3:43  Marine x2  
  32  3:53  SCV x2  
  34  4:05  Terran Infantry Weapons Level 1, Supply Depot, SCV x2  
  36  4:17  SCV x2  
  38  4:27  Supply Depot  
  38  4:33  SCV x2  
  38  4:37  Stimpack  
  40  4:45  SCV  
  40  4:46  Command Center, SCV  
  40  4:47  Marine x2  
  40  4:49  Marauder  
  40  4:51  Factory Tech Lab  
  46  5:00  Starport  
  46  5:09  SCV x2  
  48  5:15  Infernal Pre-Igniter  
  48  5:21  SCV x2  
  50  5:29  Factory  
  50  5:42  SCV x2  
  52  5:50  Refinery  
  52  5:51  Refinery  
  52  5:54  SCV x2  
  54  6:02  Terran Infantry Armor Level 1  
  54  6:09  Armory, Starport Tech Lab  
  54  6:13  Factory Reactor  
  54  6:20  Starport  
  54  6:34  Refinery  
  54  6:37  SCV x2  
  54  6:38  SCV  
  57  6:52  SCV  
  58  6:56  SCV x2  
  58  6:59  Refinery  
  60  7:04  SCV, Siege Tank  
  64  7:11  Hellbat x2  
  64  7:12  Marine  
  64  7:13  Marine x2  
  71  7:17  Starport Reactor  
  71  7:19  Terran Vehicle Weapons Level 1  
  71  7:28  Supply Depot  
  71  7:30  Marine x2  
  71  7:31  Marine  
  71  7:37  Siege Tank  
  77  7:39  SCV x2  
  80  7:48  Marine x3  
  80  7:49  Planetary Fortress  
  80  7:50  Supply Depot  
  82  7:52  SCV x2  
  82  7:56  Command Center  
  84  7:59  Terran Infantry Weapons Level 2  
  84  8:04  SCV  
  85  8:07  Barracks  
  85  8:09  Cyclone  
  85  8:12  Supply Depot  
  88  8:23  Marine x3  
  88  8:26  Hellbat  
  88  8:27  Hellbat  
  95  8:29  Medivac  
  95  8:30  Medivac x2  
  101  8:34  Supply Depot  
  101  8:35  SCV x3  
  101  8:40  Marine  
  101  8:41  Hellbat, Marine x2  
  109  8:52  Engineering Bay, Drilling Claws  
  109  8:55  Barracks  
  109  8:58  Supply Depot, High Capacity Fuel Tanks, Marine  
  109  8:59  Medivac, Marine  
  102  9:12  Marine x2  
  102  9:16  Marine x2  
  80  9:20  Supply Depot  
  74  9:29  Hellion  
  74  9:30  Marine x2, Hellbat x2  
  82  9:34  Marine x2  
  82  9:35  SCV x3  
  82  9:38  Orbital Command  
  87  9:43  Supply Depot  
  87  9:47  SCV x3  
  87  9:48  Marine x2  
  87  9:50  Hellbat  
  87  9:51  Hellbat x2  
  87  9:52  Marine x2  
  101  10:00  Medivac x2  
  101  10:01  Medivac  
  101  10:06  Marine  
  109  10:07  Supply Depot  
  109  10:09  Barracks Reactor, Marine  
  109  10:10  Marine  
  109  10:11  Barracks Tech Lab  
  109  10:13  Siege Tank  
  112  10:16  Hellbat  
  112  10:17  Hellbat  
  116  10:24  Terran Vehicle Weapons Level 2  
  116  10:26  Terran Infantry Armor Level 2  
  116  10:28  Terran Infantry Weapons Level 3  
  116  10:31  SCV x2  
  116  10:32  SCV x2  
  120  10:38  Refinery, Hellbat x2  
  120  10:39  Refinery  
  124  10:45  Siege Tank, Marine  
  124  10:46  Marine x5  
  133  11:03  Marine x2  
  135  11:05  SCV x3  
  135  11:06  SCV  
  139  11:11  Supply Depot  
  139  11:17  SCV x3  
  142  11:18  SCV  
  142  11:20  Marine x3  
  142  11:21  Marine x3  
  149  11:27  Refinery  
  149  11:28  Command Center, Refinery  
  149  11:32  Siege Tank  
  152  11:34  Supply Depot  
  152  11:36  Hellbat x2  
  152  11:38  Marine x3  
  152  11:39  Viking x2  
  162  11:40  Viking  
  156  11:51  Marine x2  
  156  11:52  Marine  
  104  11:56  Marine x3  
  104  11:57  Supply Depot, Hellbat x2  
  93  12:04  Siege Tank  
  91  12:09  Viking x2, Marine x3  
  91  12:13  Marine  
  91  12:14  Marine x2  
  88  12:19  Supply Depot, Hellbat  
  84  12:24  Hellbat  
  84  12:27  Marine x3  
  86  12:31  Marine x2  
  86  12:32  Marine  
  86  12:36  Siege Tank  
  79  12:40  Hellbat  
  79  12:42  Supply Depot  
  80  12:45  Marine x3  
  80  12:46  Hellbat  
  80  12:49  Marine x3  
  85  12:55  Medivac x2  
  85  12:56  Medivac  
  91  13:01  Hellbat  
  91  13:03  Marine x3  
  95  13:07  Hellbat, Marine x3  
  95  13:08  Siege Tank  
  101  13:20  Marine  
  101  13:21  Marine x2  
  101  13:25  Marine x3  
  113  13:33  Command Center  
Show
View Real Time Build Order
Export as new Build Order

A.I. 1 (Elite) Terran - Winner!

Build Orders: Bio Tank, MMM Bio 

Get SALT Encoding   

  12  0:00  SCV  
  13  0:13  SCV  
  14  0:20  Supply Depot  
  14  0:25  SCV  
  15  0:42  SCV  
  16  0:54  SCV  
  16  0:56  Refinery  
  17  0:58  Barracks  
  17  1:06  SCV  
  18  1:18  SCV  
  19  1:29  Command Center  
  19  1:38  Supply Depot  
  19  1:42  SCV  
  19  1:46  Marine  
  21  2:01  Factory  
  21  2:13  Barracks  
  21  2:14  SCV  
  22  2:19  Marine  
  23  2:26  SCV  
  24  2:32  Supply Depot  
  24  2:38  SCV, Marine  
  26  2:46  Factory Tech Lab  
  26  2:48  SCV  
  27  3:00  Orbital Command  
  27  3:06  Refinery  
  27  3:07  Marine  
  28  3:16  Orbital Command  
  28  3:18  Marine  
  29  3:25  Marine  
  29  3:26  SCV  
  31  3:36  Marine  
  31  3:38  SCV  
  33  3:41  SCV  
  33  3:43  Marine  
  35  3:50  SCV  
  35  3:53  SCV, Barracks  
  35  3:54  Marine  
  38  4:01  Barracks Tech Lab  
  38  4:03  SCV  
  38  4:05  SCV  
  38  4:07  Supply Depot  
  40  4:13  Barracks Tech Lab  
  40  4:15  SCV  
  41  4:17  SCV  
  41  4:19  Marine  
  41  4:21  Stimpack  
  41  4:23  Siege Tank  
  46  4:27  SCV  
  46  4:29  SCV  
  46  4:30  Combat Shields  
  48  4:31  Marine  
  48  4:37  Marine  
  50  4:39  SCV, Marine  
  50  4:40  Supply Depot  
  50  4:42  SCV  
  53  4:49  Marine  
  53  4:51  SCV  
  55  4:54  SCV  
  55  4:55  Marauder  
  58  5:03  SCV  
  58  5:05  Barracks Reactor, Engineering Bay  
  58  5:06  SCV  
  60  5:07  Marauder  
  60  5:09  Engineering Bay  
  60  5:13  Command Center  
  62  5:21  Marauder  
  62  5:25  Supply Depot  
  64  5:28  SCV  
  64  5:29  Marauder  
  64  5:30  SCV  
  64  5:31  Terran Infantry Weapons Level 1  
  64  5:35  Terran Infantry Armor Level 1  
  68  5:40  SCV  
  70  5:42  SCV  
  70  5:44  Missile Turret  
  70  5:47  Siege Tank, Marauder  
  70  5:49  Missile Turret  
  75  5:51  Supply Depot  
  75  5:53  SCV, Marauder  
  78  6:02  Refinery  
  78  6:07  Refinery  
  78  6:13  Marauder  
  78  6:14  Barracks  
  78  6:15  Supply Depot, Marauder  
  82  6:19  Siege Tank  
  82  6:22  Concussive Shells  
  82  6:24  SCV x2  
  82  6:25  SCV  
  88  6:26  Refinery  
  88  6:34  Marauder  
  88  6:36  SCV, Orbital Command, Marauder  
  88  6:37  SCV  
  94  6:44  Missile Turret  
  94  6:47  Supply Depot  
  94  6:48  SCV  
  94  6:49  SCV  
  94  6:51  Siege Tank, Missile Turret  
  99  6:56  Starport  
  99  7:00  SCV  
  100  7:01  SCV  
  100  7:02  SCV  
  100  7:06  Marine  
  100  7:07  Marine  
  104  7:12  SCV, Supply Depot  
  104  7:14  SCV  
  104  7:15  SCV  
  107  7:24  SCV, Marauder  
  107  7:26  SCV, Marauder  
  107  7:27  SCV, Missile Turret  
  114  7:32  Armory, Starport Reactor  
  114  7:36  Command Center, Supply Depot, SCV  
  115  7:43  SCV  
  116  7:44  SCV  
  116  7:48  SCV, Siege Tank  
  121  7:55  SCV  
  122  7:59  Missile Turret  
  122  8:00  SCV  
  122  8:02  SCV, Supply Depot  
  124  8:07  SCV  
  124  8:08  Medivac  
  127  8:14  Medivac  
  127  8:18  Refinery  
  127  8:19  Missile Turret  
  129  8:20  Siege Tank, Terran Infantry Weapons Level 2  
  129  8:21  Terran Vehicle Weapons Level 1  
  129  8:26  Supply Depot  
  132  8:41  Armory  
  132  8:44  Medivac  
  134  8:51  Widow Mine  
  136  8:58  Planetary Fortress  
  136  8:59  Refinery  
  136  9:01  Missile Turret  
  136  9:02  Command Center  
  136  9:03  Missile Turret  
  136  9:05  Marine x3  
  136  9:06  Refinery, Marine x2  
  136  9:09  Factory  
  120  9:19  Starport  
  120  9:20  Widow Mine  
  120  9:23  Marine x3  
  120  9:24  Missile Turret, Marine x2  
  120  9:28  Terran Vehicle And Ship Armor Level 1  
  118  9:35  Hi-Sec Auto Tracking  
  118  9:37  Medivac  
  120  9:41  Marauder, Marine  
  120  9:42  Marine x2  
  120  9:43  Marine  
  126  9:46  Liberator  
  126  9:48  Widow Mine  
  126  9:52  Factory Tech Lab  
  128  9:55  Starport Tech Lab  
  128  9:59  Marauder  
  130  10:00  Marine  
  130  10:01  Marine  
  130  10:03  Marauder  
  130  10:05  Barracks  
  137  10:07  Supply Depot  
  137  10:10  Cyclone  
  137  10:13  Planetary Fortress  
  140  10:14  Raven  
  140  10:15  High Capacity Fuel Tanks  
  140  10:17  Widow Mine  
  140  10:20  Marauder  
  146  10:24  Marauder  
  148  10:29  Missile Turret  
  148  10:30  Missile Turret  
  148  10:34  Marine  
  148  10:35  Terran Vehicle Weapons Level 2, Marine  
  149  10:36  Marine  
  149  10:42  Cyclone, Marauder  
  156  10:43  Command Center  
  156  10:45  Marauder  
  156  10:46  Siege Tank  
  156  10:47  Liberator  
  161  10:52  Barracks Tech Lab  
  161  10:55  Marine  
  161  10:56  Marine  
  161  10:57  Raven, Marine  
  163  10:58  Supply Depot  
  163  11:02  Marine  
  167  11:06  Marine  
  167  11:09  Viking  
  167  11:11  Marauder  
  175  11:14  Widow Mine  
  175  11:16  Terran Infantry Weapons Level 3  
  177  11:18  Siege Tank  
  177  11:19  Marine  
  177  11:21  Marauder  
  177  11:22  Ghost Academy  
  177  11:25  Supply Depot, Marine  
  184  11:26  Building Armor, Marine  
  184  11:27  Marine  
  186  11:35  Marine  
  186  11:37  Marine  
  186  11:39  Medivac  
  190  11:40  Viking  
  190  11:42  Marauder  
  190  11:43  Widow Mine, Marine  
  190  11:47  Viking, Marine x2  
  191  11:50  Siege Tank  
  191  11:53  Marine  
  186  11:55  Marine  
  186  12:00  Planetary Fortress  
  187  12:04  Ghost, Missile Turret, Marauder  
  189  12:09  Viking  
  189  12:10  Medivac  
  189  12:11  Missile Turret  
  189  12:12  Cyclone, Marauder  
  189  12:19  Marine x3  
  189  12:20  Medivac  
  189  12:22  Liberator  
  189  12:24  Command Center, Ghost  
  191  12:33  Marine, Marauder  
  191  12:37  Marine  
  194  12:38  Marine x2  
  200  13:02  Missile Turret  
  200  13:04  Missile Turret  
  200  13:07  Missile Turret  
  200  13:09  Missile Turret  
  200  13:19  Refinery  
  200  13:22  Refinery  
  200  13:31  Refinery  
  200  13:33  Refinery  
  195  13:37  Missile Turret  
  187  13:47  Missile Turret  
  173  13:52  Missile Turret  
Tags
 
Matchup
TvT
Race
Terran
Replay Pack
First Pack
Add a new tag
Caveats
  • Supply blocks, unpowered buildings, or Contaminate may cause inaccurate times.
  • Supply counts are checked every 10 seconds.